 Dungeon Crawl Stone Soup version 0.30-a0-964-gd452b5e7fa (webtiles) character file.

Game seed: 14595147290878021695

175 vishdafish the Conjurer (level 5, 25/35 HPs)
             Began as a Demonspawn Conjurer on Mar 30, 2023.
             Quit the game on level 3 of the Dungeon.
             The game lasted 00:02:17 (2110 turns).

vishdafish the Conjurer (Demonspawn Conjurer)       Turns: 2110, Time: 00:02:17

Health: 25/35      AC:  5    Str:  7    XL:     5   Next: 29%
Magic:  2/10       EV: 12    Int: 22    God:
Gold:   145        SH:  0    Dex: 11    Spells: 10/11 levels left

rFire   . . .      SeeInvis .    e - +0 dagger (venom)
rCold   . . .      Faith    .    (no shield)
rNeg    . . .      Spirit   .    a - +0 robe
rPois   .          Reflect  .    n - +0 helmet
rElec   .          Rampage  .    (no cloak)
rCorr   .                        (no gloves)
Will    .....                    (no boots)
Stlth   ++                       (no amulet)
HPRegen 0.25/turn                (no ring)
MPRegen 0.12/turn                (no ring)

@: no status effects
A: yellow scales 1, powered by pain 1, demonic touch 1
a: no special abilities


You were on level 3 of the Dungeon.
You visited 1 branch of the dungeon, and saw 3 of its levels.

You collected 145 gold pieces.

Inventory:

Hand Weapons
 e - a +0 dagger of venom (weapon)
Armour
 a - a +0 robe (worn)
 n - a +0 helmet (worn)
Scrolls
 d - 6 scrolls of identify {unknown}
 f - 3 scrolls of noise {unknown}
 g - a scroll of enchant weapon {unknown}
 h - 2 scrolls of vulnerability {unknown}
 i - 2 scrolls of teleportation {unknown}
 m - 3 scrolls of fog {unknown}
Potions
 b - a potion of magic
 c - a potion of might {unknown}
 j - 2 potions of resistance {unknown}
 k - 2 potions of curing {unknown}
 l - a potion of heal wounds {unknown}
 o - a potion of ambrosia {unknown}
 p - a potion of lignification {unknown}


   Skills:
 - Level 1.7 Dodging
 - Level 1.7 Stealth
 + Level 3.8 Spellcasting
 + Level 5.4 Conjurations


You had 10 spell levels left.
You knew the following spells:

 Your Spells              Type           Power      Damage    Failure   Level
a - Magic Dart            Conj           100%       1d8       1%          1

Your spell library contained the following spells:

 Spells                   Type           Power      Damage    Failure   Level
 Searing Ray              Conj           56%        2d6       1%          2
 Dazzling Flash           Conj/Hex       32%        N/A       11%         3
 Fulminant Prism          Conj/Hex       8%         3d7       36%         4
 Iskenderun's Mystic Bla  Conj/Tloc      16%        2d5       36%         4
 Alistair's Intoxication  Tmut/Pois      2%         N/A       97%         5
 Borgnjor's Vile Clutch   Necr/Erth      2%         N/A       97%         5
 Eringya's Noxious Bog    Tmut/Pois      2%         N/A       100%        6


Dungeon Overview and Level Annotations

Branches:
Dungeon (3/15)

Altars:


Innate Abilities, Weirdness & Mutations

You are partially covered in yellow scales. (AC +2)
You sometimes gain a little power by taking damage.
Your touch may inflict minor irresistible damage on your foes.


Message History

The magic dart hits the adder.
The adder is almost dead.
The magic dart hits the adder.
You kill the adder!
You can't see any susceptible monsters within range! (Use Z to cast anyway.) No target in view!
An ice beast comes into view.
An ice beast is nearby!
An ice beast is nearby!
The magic dart hits the ice beast.
The ice beast is lightly wounded.
The magic dart hits the ice beast.
The ice beast is lightly wounded.
The magic dart hits the ice beast but does no damage.
The ice beast is lightly wounded.
The magic dart hits the ice beast.
The ice beast is moderately wounded.
The magic dart hits the ice beast.
The ice beast is moderately wounded.
The magic dart hits the ice beast but does no damage.
The ice beast is moderately wounded.
You are out of magic!
You completely miss the ice beast.
You touch the ice beast!
The ice beast is heavily wounded.
The ice beast barely misses you.
You hit the ice beast but do no damage.
You touch the ice beast!
The ice beast is almost dead.
The ice beast hits you but does no damage.
You barely miss the ice beast.
The ice beast is almost dead.
The ice beast hits you. The ice beast freezes you!
You hit the ice beast.
You kill the ice beast!
Your Conjurations skill increases to level 5!
You have reached level 5!
Your demonic ancestry asserts itself...
You feel energised by your suffering.
An adder comes into view.
An adder is nearby!
Are you sure you want to abandon this character and quit the game? (Confirm with "yes".)

# .# ## ##
###.#.... .#
####@....... ..
##....#...... #.
####..#### .....
#.##....## ....
###...S#### ...
#.....## ....
##.##.#### .....
#.##....# ...
#....##.########..


You could see an adder (wandering).

Vanquished Creatures
  An ice beast (D:3)
  A gnoll (D:1)
  2 adders (D:3)
  A worm (D:2)
  2 dart slugs (D:2)
  8 ball pythons
  5 bats
  2 endoplasms
  A giant cockroach (D:1)
  3 hobgoblins
  8 jackals
  4 kobolds
  2 quokkas
  3 frilled lizards
  2 rats
45 creatures vanquished.

Vanquished Creatures (others)
  16 plants (D:1)
16 creatures vanquished.

Grand Total: 61 creatures vanquished

Notes
Turn   | Place    | Note
-------+----------+-------------------------------------------
     0 | D:1      | vishdafish the Demonspawn Conjurer began the quest for the
                  | Orb.
     0 | D:1      | Reached XP level 1. HP: 13/13 MP: 3/3
   121 | D:2      | Gained mutation: You are partially covered in yellow
                  | scales. (AC +2) [demonic ancestry]
   121 | D:2      | Reached XP level 2. HP: 19/19 MP: 0/5
   321 | D:2      | Found a faded altar of an unknown god.
   495 | D:1      | Gained mutation: Your touch may inflict minor irresistible
                  | damage on your foes. [demonic ancestry]
   495 | D:1      | Reached XP level 3. HP: 24/24 MP: 1/7
  1982 | D:3      | Reached XP level 4. HP: 30/30 MP: 8/8
  2088 | D:3      | Noticed an ice beast
  2098 | D:3      | Killed an ice beast
  2099 | D:3      | Reached skill level 5 in Conjurations
  2099 | D:3      | Gained mutation: You sometimes gain a little power by
                  | taking damage. [demonic ancestry]
  2099 | D:3      | Reached XP level 5. HP: 22/35 MP: 1/10
  2110 | D:3      | Quit the game

Illustrated notes

Levels and vault maps discovered:
D:1:      dpeg_arrival_tiny_h, layout_rooms, grunt_decor_clamped,
          nicolae_grassy_gnolls
D:2:      layout_basic, hellmonk_ecumenical_altar_heavens_door, minivault_5
D:3:      layout_rooms

Skill      XL: |  1  2  3  4 |
---------------+-------------+-----
Spellcasting   | 3 |  3.8
Conjurations   | 5 |  5.4
Dodging        | |  1.7
Stealth        | |  1.7

Action                     |  1- 3 |  4- 6 || total
---------------------------+-------+-------++-------
  Melee: Dagger            |    48 |    11 ||    59
         Touch             |     5 |     3 ||     8
         Punch             |       |     1 ||     1
   Cast: Magic Dart        |    54 |    13 ||    67
   Stab: Sleeping          |     1 |       ||     1
 Armour: Robe              |    38 |     2 ||    40
  Dodge: Dodged            |    62 |     5 ||    67

Table legend: (Time is in decaauts)
 A = Elapsed time spent in this place.
 B = Non-inter-level travel time spent in this place.
 C = Inter-level travel time spent in this place.
 D = Time resting spent in this place.
 E = Time spent auto-exploring this place.
 F = Levels seen in this place.
 G = Mean time per level.
                   A        B        C        D        E       F      G
               +--------+--------+--------+--------+--------+-----+--------+
         Total |   2112 |   2027 |     85 |     83 |   1654 |   3 |  704.0 |
       Dungeon |   2112 |   2027 |     85 |     83 |   1654 |   3 |  704.0 |
               +--------+--------+--------+--------+--------+-----+--------+

Top non-repeatable levels by time:
     D:2: 1256 daAuts
     D:1: 670 daAuts
     D:3: 184 daAuts
